details: '1 MIN MILITIA RUSH GG NORE'

« prev index next »

General information

Mini Map

Players

team 1
Human987g (red | 32 APM | 31 actions | 00:59)

» actions
Build / train5
Enter build submenu2
Right click12
Select / deselect10
Use ability2
31 total
» units
Peasant5
5 total
» buildings
Altar of Kings1
Farm1
2 total
» build order
00:11 Altar of Kings
00:25 Farm
HumanBromeister (yellow | 72 APM | 77 actions | 01:04)

» actions
Assign group hotkey1
Build / train4
Enter build submenu4
Right click37
Select / deselect15
Select group hotkey11
Use ability5
77 total
» units
Peasant4
4 total
» buildings
Lumber Mill1
Scout Tower3
4 total
» build order
00:08 Lumber Mill
00:53 Scout Tower
00:55 Scout Tower
00:57 Scout Tower
Humankaiser. (teal | 34 APM | 33 actions | 00:59)

» actions
Build / train6
Enter build submenu3
Right click8
Select / deselect14
Use ability2
33 total
» units
Peasant6
6 total
» buildings
Farm1
Altar of Kings1
2 total
» build order
00:08 Farm
00:16 Altar of Kings
team 2
Random» Undeadjon_snow (blue | 33 APM | 28 actions | 00:51)

» actions
Build / train1
Enter build submenu4
Right click12
Select / deselect8
Use ability3
28 total
» units
Acolyte1
1 total
» buildings
Altar of Darkness1
Crypt1
Ziggurat1
3 total
» build order
00:15 Altar of Darkness
00:22 Crypt
00:33 Ziggurat
UndeadAlphalegacy (green | 41 APM | 40 actions | 00:58)

» actions
Build / train2
Enter build submenu3
Right click12
Select / deselect20
Use ability3
40 total
» units
Acolyte2
2 total
» buildings
Crypt1
Ziggurat1
Altar of Darkness1
3 total
» build order
00:14 Crypt
00:46 Ziggurat
00:53 Altar of Darkness
Random» NightElfIVIarijuana (pink | 50 APM | 46 actions | 00:54)

» actions
Build / train4
Enter build submenu3
Right click10
Select / deselect23
Use ability6
46 total
» units
Wisp4
4 total
» buildings
Altar of Elders1
Moon Well1
Ancient of War1
3 total
» build order
00:09 Altar of Elders
00:14 Moon Well
00:27 Ancient of War

Chat log

(00:09 / Allies) Bromeister: gogo
(00:11 / Allies) Bromeister: militia rush
(00:21 / Allies) kaiser.: no
(00:43 / Allies) 987g: lol
(00:45 / Allies) Bromeister: lol
(00:58 / Allies) Bromeister: LOL